 Dungeon Crawl Stone Soup version 0.21.1-74-g47da925 (webtiles) character file.

4332 Madoushi the Cleaver (level 10, 0/89 (90) HPs)
             Began as a Minotaur Berserker on Aug 6, 2018.
             Was a High Priest of Trog.
             Slain by an ice beast (2 damage)
             ... on level 8 of the Dungeon.
             The game lasted 00:17:34 (9769 turns).

Madoushi the Cleaver (Minotaur Berserker)           Turns: 9769, Time: 00:17:34

HP:   0/89 (90)     AC: -14   Str: 25    XL:     10   Next: 12%
MP:   9/9           EV: 12    Int:  4    God:    Trog [*****.]
Gold: 282           SH:  0    Dex: 10    Spells: 9/9 levels left

rFire    x . .     SeeInvis .   a - +0 hand axe
rCold    + . .     Gourm    .   (no shield)
rNeg     . . .     Faith    .   f - +1 scale mail
rPois    .         Spirit   .   (helmet restricted)
rElec    .         Reflect  .   (no cloak)
rCorr    .         Harm     .   (no gloves)
MR       .....                  (no boots)
Stlth    ..........             (no amulet)
HPRegen  0.24/turn              q - ring of ice
MPRegen  0.11/turn              (no ring)

@: corroded
A: retaliatory headbutt, horns 2
a: Berserk, Trog's Hand, Brothers in Arms, Burn Spellbooks, Renounce Religion


You were on level 8 of the Dungeon.
You worshipped Trog.
Trog was extremely pleased with you.
You were not hungry.

You visited 1 branch of the dungeon, and saw 8 of its levels.
You also visited: Sewer.

You collected 282 gold pieces.

Inventory:

Hand Weapons
 a - a +0 hand axe (weapon)
 t - a +0 war axe
Armour
 b - a +0 animal skin
 f - a +1 scale mail (worn)
 s - a +0 large shield
Jewellery
 q - a ring of ice (left hand)
Wands
 m - a wand of iceblast (10)
 p - a wand of acid (8)
 v - a wand of paralysis (12)
 B - a wand of polymorph (12)
 C - a wand of flame (31)
Scrolls
 d - a scroll of fog
 g - a scroll of enchant weapon {unknown}
 k - 2 scrolls of remove curse
 l - 3 scrolls of teleportation
 o - a scroll of enchant armour
 w - a scroll of magic mapping
 y - a scroll of blinking
 D - a scroll of noise {unknown}
 F - a scroll of identify
Potions
 e - 2 potions of ambrosia {unknown}
 h - 2 potions of flight {unknown}
 i - 3 potions of heal wounds {unknown}
 j - 3 potions of berserk rage
 n - 3 potions of degeneration {unknown}
 r - 3 potions of brilliance {unknown}
 u - 3 potions of might
 x - a potion of mutation {unknown}
 z - 2 potions of curing {unknown}
 A - a potion of haste {unknown}
 E - 2 potions of agility {unknown}
Comestibles
 c - 10 rations


   Skills:
 + Level 8.5 Fighting
 * Level 11.8 Axes
 + Level 7.4 Armour
 + Level 5.2 Dodging
 + Level 1.6 Stealth
 * Level 5.8 Shields


You had 9 spell levels left.
You didn't know any spells.

Dungeon Overview and Level Annotations

Branches:
Dungeon (8/15)             Temple (0/1) D:4
   Lair: D:8-11

Altars:
Fedhas
Trog
Xom


Innate Abilities, Weirdness & Mutations

You reflexively headbutt those who attack you in melee.
You have a pair of horns on your head.


Message History

The jelly hits you.
* * * LOW HITPOINT WARNING * * *
You are splashed with acid!
The acid burns!
* * * LOW HITPOINT WARNING * * *
You hit the ice beast.
The ice beast is moderately wounded.
You hit the jelly but do no damage. The acid corrodes you!
Your hands burn!
* * * LOW HITPOINT WARNING * * *
You closely miss the ice beast.
The ice beast is moderately wounded.
You hit the jelly.
Your hands burn!
* * * LOW HITPOINT WARNING * * *
The jelly hits you.
* * * LOW HITPOINT WARNING * * *
The acid corrodes you!
You are splashed with acid!
The acid burns!
* * * LOW HITPOINT WARNING * * *
The ice beast hits you.
* * * LOW HITPOINT WARNING * * *
The ice beast freezes you. You resist.
You die...

#............|....
#.........#######.
#.........# #.
####.........# #.
#............#######.
#...................
###.#.................
#...J.################
#...Y@# #..#....#
....#...# .!...#..#
......### ######


You could see an ice beast and a jelly.

Vanquished Creatures
  A cyclops (D:7)
  The ghost of dscm the Grave Robber, an amateur DsNe of Sif Muna (D:6)
  A hippogriff (D:8)
  Duvessa (D:6)
  A hornet zombie (D:7)
  An ice beast (D:7)
  A sky beast (D:7)
  The ghost of Madoushi the Chopper, an amateur MiBe of Trog (D:3)
  A necrophage (D:8)
  2 centaurs
  10 ogres
  6 bullfrogs
  3 scorpions
  Dowan (D:6)
  4 killer bees (D:7)
  2 howler monkeys
  3 crimson imps
  A bullfrog zombie (D:6)
  5 hounds
  2 bullfrog skeletons
  12 orc wizards
  Ijyb (D:3)
  2 iguanas
  3 worker ants (D:4)
  Natasha (thrice) (D:4)
  A hound zombie (D:7)
  4 hound skeletons
  2 worker ant zombies
  7 adders
  2 river rats (D:5)
  2 shadow imps
  4 oozes
  An adder zombie (D:5)
  A dart slug (D:1)
  A worm (D:2)
  7 leopard geckos
  18 orcs
  6 giant cockroaches
  10 goblins
  5 hobgoblins
  14 jackals
  4 quokkas
  2 ball pythons
  8 bats
  13 frilled lizards
  5 kobolds
  12 rats
198 creatures vanquished.

Notes
Turn   | Place    | Note
-------+----------+-------------------------------------------
     0 | D:1      | Madoushi the Minotaur Berserker began the quest for the Orb.
     0 | D:1      | Reached XP level 1. HP: 19/19 MP: 0/0
   498 | D:1      | Reached XP level 2. HP: 27/27 MP: 1/1
   667 | D:1      | Reached skill level 4 in Axes
  1015 | D:2      | Reached XP level 3. HP: 18/33 MP: 2/2
  1159 | D:2      | Found a shimmering altar of Xom.
  1310 | D:2      | Reached ** piety under Trog
  1754 | D:3      | Noticed Ijyb
  1762 | D:3      | Killed Ijyb
  1762 | D:3      | Reached XP level 4. HP: 41/41 MP: 3/3
  1776 | D:3      | Reached skill level 5 in Axes
  1777 | D:3      | Noticed Madoushi's ghost (amateur MiBe)
  1789 | D:3      | Killed Madoushi's ghost
  1789 | D:3      | Reached skill level 5 in Fighting
  1789 | D:3      | Reached XP level 5. HP: 21/48 MP: 4/4
  2658 | D:4      | Reached skill level 6 in Axes
  2697 | D:4      | Reached XP level 6. HP: 15/56 MP: 5/5
  3213 | D:4      | Reached skill level 1 in Shields
  3439 | D:4      | Found a bloodstained altar of Trog.
  3471 | D:4      | Noticed Natasha
  3478 | D:4      | Killed Natasha
  3621 | D:4      | Noticed Natasha
  3631 | D:4      | Killed Natasha
  3631 | D:4      | Reached *** piety under Trog
  3734 | D:4      | Reached skill level 7 in Axes
  3735 | D:4      | Found a staircase to the Ecumenical Temple.
  3740 | D:4      | Reached XP level 7. HP: 49/62 MP: 6/6
  3890 | D:4      | Noticed Natasha
  3897 | D:4      | Killed Natasha
  4048 | D:5      | Entered Level 5 of the Dungeon
  4560 | D:5      | Found a glowing drain.
  4576 | Sewer    | Entered a sewer
  5288 | D:5      | Reached skill level 8 in Axes
  5307 | D:5      | Reached skill level 1 in Stealth
  5722 | D:5      | Reached XP level 8. HP: 54/71 MP: 7/7
  5898 | D:5      | Reached **** piety under Trog
  6056 | D:6      | Reached skill level 9 in Axes
  6381 | D:6      | Noticed Dowan
  6384 | D:6      | Noticed Duvessa
  6391 | D:6      | Killed Dowan
  6400 | D:6      | Killed Duvessa
  6573 | D:6      | Reached skill level 10 in Axes
  6832 | D:6      | Found a blossoming altar of Fedhas.
  6869 | D:6      | Noticed dscm's ghost (amateur DsNe)
  6880 | D:6      | Killed dscm's ghost
  6889 | D:6      | Reached XP level 9. HP: 69/79 MP: 8/8
  7247 | D:7      | Reached skill level 5 in Armour
  7357 | D:7      | HP: 3/79 [something (2)]
  7808 | D:7      | Noticed a cyclops
  7817 | D:7      | Killed a cyclops
  7817 | D:7      | Reached skill level 5 in Dodging
  8207 | D:7      | Reached skill level 11 in Axes
  8630 | D:7      | Reached skill level 5 in Shields
  9285 | D:8      | Reached XP level 10. HP: 72/88 MP: 9/9
  9380 | D:8      | Reached ***** piety under Trog
  9769 | D:8      | HP: 2/89 [ice beast (3)]
  9769 | D:8      | Slain by an ice beast

Skill      XL: |  1  2  3  4  5  6  7  8  9 |
---------------+----------------------------+-----
Axes           | 4 5 6 7 8 10 11 | 11.8
Fighting       | 4 5 6 7 8 |  8.5
Dodging        | 3 4 5 |  5.2
Shields        | 1 2 4 5 |  5.8
Stealth        | 1 |  1.6
Armour         | 4 7 |  7.4

Action                   |  1- 3 |  4- 6 |  7- 9 | 10-12 || total
-------------------------+-------+-------+-------+-------++-------
Melee: Hand axe          |    83 |   103 |   380 |    45 ||   611
       Headbutt          |     8 |    19 |    80 |    12 ||   119
Invok: Berserk           |       |     2 |     5 |       ||     7
Evoke: Wand              |       |       |     2 |       ||     2
  Use: Scroll            |       |       |    11 |       ||    11
  Eat: Chunk             |     2 |       |    10 |     2 ||    14
       Ration            |       |     3 |     3 |       ||     6
Armor: Animal skin       |    15 |     5 |    13 |       ||    33
       Scale mail        |       |       |    88 |    10 ||    98
Dodge: Dodged            |    60 |    55 |   203 |    25 ||   343
